 Dungeon Crawl Stone Soup version 0.31-a0-216-g22e908daa7 (webtiles) character file.

Game seed: 16967057599939499706

209 qw the Shooter (level 5, -7/45 HPs)
             Began as a Minotaur Hexslinger on July 2, 2023.
             Was an Initiate of Okawaru.
             Blown up by an orc wizard (9 damage)
             ... with a mindburst bolt
             ... on level 4 of the Dungeon.
             The game lasted 00:01:07 (2755 turns).

qw the Shooter (Minotaur Hexslinger)                Turns: 2755, Time: 00:01:08

Health: -7/45      AC:  5    Str: 12    XL:     5   Next: 55%
Magic:  5/5        EV: 11    Int: 10    God:    Okawaru [......]
Gold:   160        SH:  0    Dex: 15    Spells: 5/6 levels left

rFire   . . .        Y - +1 sling
rCold   . . .        (no shield)
rNeg    . . .        j - +0 ring mail
rPois   .            (helmet restricted)
rElec   .            (no cloak)
rCorr   .            (no gloves)
SInv    .            (no boots)
Will    .....        (no amulet)
Stlth   +            (no ring)
HPRegen 0.27/turn    (no ring)
MPRegen 0.09/turn

%: no passive effects
@: lethally poisoned (-7 -> -9)
A: horns 2, retaliatory headbutt
a: Renounce Religion


You were on level 4 of the Dungeon.
You worshipped Okawaru.
Okawaru was noncommittal.
You visited 1 branch of the dungeon, and saw 4 of its levels.

You collected 160 gold pieces.


Innate Abilities, Weirdness & Mutations

You have a pair of horns on your head.
You reflexively headbutt those who attack you in melee.


   Skills:
 - Level 3.3 Fighting
 + Level 5.5 Ranged Weapons
 - Level 1.0 Armour
 - Level 2.1 Dodging
 - Level 1.0 Spellcasting
 - Level 2.0 Hexes


You had 5 spell levels left.
You knew the following spells:

 Your Spells              Type           Power      Damage    Failure   Level
a - Slow                  Hex            16%        N/A       34%         1

Your spell library contained the following spells:

 Spells                   Type           Power      Damage    Failure   Level
 Inner Flame              Hex/Fire       2%         N/A       83%         3
 Portal Projectile        Hex/Tloc       4%         N/A       83%         3
 Cause Fear               Hex            2%         N/A       98%         4

Inventory:

Hand Weapons
 Y - a +1 sling (weapon)
Armour
 j - a +0 ring mail (worn)
 n - a +0 pair of gloves
Scrolls
 c - a scroll of identify
Potions
 b - a potion of resistance
 d - a potion of enlightenment {unknown}
 f - 2 potions of curing
 g - a potion of haste
 h - a potion of might {unknown}
 i - a potion of ambrosia {unknown}
 k - a potion of berserk rage {unknown}
 l - a potion of brilliance {unknown}

Dungeon Overview and Level Annotations

Branches:
Dungeon (4/15)
 Temple: D:4-7

Altars:
Cheibriados
Fedhas
Kikubaaqudgha
Okawaru
Uskayaw
Yredelemnul

Shops:
D:1 (

Annotations:
D:3 1 runed translucent door, Crazy Yiuf


Message History

You hear a zap.
Your mind is blasted!
You shoot a sling bullet. Something hits you but does no damage.
You shoot a sling bullet. The adder hisses angrily.
The sling bullet hits the adder.
The adder is heavily wounded.
Something hits you but does no damage.
You shoot a sling bullet.
The sling bullet hits the adder but does no damage.
The adder is heavily wounded.
Something hits you but does no damage.
You hear some strange, mumbled words.
Something tries to affect you, but you resist.
You shoot a sling bullet. The sling bullet misses the adder.
Something hits you.
You shoot a sling bullet.
The sling bullet closely misses the adder.
Something hits you but does no damage. The adder bites you but does no damage.
You shoot a sling bullet. The sling bullet hits the adder.
The adder is severely wounded.
Something hits you. The adder barely misses you.
You shoot a sling bullet. The sling bullet misses the adder.
The adder barely misses you. Something hits you but does no damage.
The adder bites you but does no damage. Something hits you but does no damage.
You shoot a sling bullet.
The sling bullet closely misses the adder.
The adder bites you.
You are poisoned.
The adder poisons you!
You hear some strange, mumbled words.
A puff of flame appears from out of thin air!
The puff of flame hits you.
You shoot a sling bullet.
The sling bullet closely misses the adder.
You feel sick. The adder misses you.
You hear a zap.
Your mind is blasted!
You die...

# #......#
#....... #?.....#
#...#.. #......#
#...#.# #......#
#..... .###......#
#....# ..........#
#....# ###..S{..#
#.S..# +.....@..#
#....#
##....######....#
#..............#
#..#.######.#P..P
#..#.......P..P###
#. #.......P...#.#
#. #.......P.....#
# ##...P...#....#
.. ###....##.._.#
..


You could see an adder.

Vanquished Creatures
  A hound (D:4)
  An iguana (D:4)
  Robin (D:2)
  6 adders
  3 orcs (D:4)
  9 endoplasms
  2 giant cockroaches
  8 hobgoblins
  3 kobolds
  A quokka (D:4)
  8 ball pythons
  4 bats
  4 frilled lizards
  11 goblins
  6 rats
68 creatures vanquished.

Vanquished Creatures (others)
  An orc wizard (D:4)
1 creature vanquished.

Grand Total: 69 creatures vanquished

Notes
Turn   | Place    | Note
-------+----------+-------------------------------------------
     0 | D:1      | qw the Minotaur Hexslinger began the quest for the Orb.
     0 | D:1      | Reached XP level 1. HP: 16/16 MP: 1/1
     0 | D:1      | 0 ||| qw: Version: 0.3-a-35-g05ef00e
     0 | D:1      | 0 ||| qw: Game counter: 7829
     0 | D:1      | 0 ||| qw: Melee chars always use a shield: true
     0 | D:1      | 0 ||| qw: God list: Okawaru
     0 | D:1      | 0 ||| qw: Allow faded altars: false
     0 | D:1      | 0 ||| qw: Do Orc after clearing Dungeon:15 true
     0 | D:1      | 0 ||| qw: Do second Lair branch before Depths: true
     0 | D:1      | 0 ||| qw: Lair rune preference: random
     0 | D:1      | 0 ||| qw: Goals: Normal
     0 | D:1      | 0 ||| PLANNING D:1-11
   288 | D:1      | Reached skill level 3 in Ranged Weapons
   298 | D:1      | Reached XP level 2. HP: 23/23 MP: 2/2
   436 | D:1      | Found Acvur's Weapon Shoppe.
   446 | D:1      | 446 ||| SHOPLISTING +0 sling of draining (51 gold, have
                  | 12).
   736 | D:1      | Found a faded altar of an unknown god.
   814 | D:1      | 814 ||| UPGRADING to +0 ring mail.
   824 | D:1      | 824 ||| DROPPING +0 robe.
   825 | D:1      | 825 ||| READING 2 scrolls labelled XAS XORRUWULESO.
   829 | D:1      | 829 ||| READING scroll labelled GAFELU CIENGAL.
   830 | D:1      | 830 ||| READING scroll labelled REMASO NIVU.
   831 | D:1      | 831 ||| DROPPING scroll of poison.
   871 | D:2      | 871 ||| STAIRDANCE
   899 | D:2      | Reached XP level 3. HP: 26/29 MP: 3/3
   952 | D:2      | Reached skill level 4 in Ranged Weapons
  1035 | D:2      | Noticed Robin
  1043 | D:2      | Reached skill level 1 in Armour
  1046 | D:2      | 1046 ||| FLEEEEING.
  1047 | D:2      | 1047 ||| FLEEEEING.
  1048 | D:2      | 1048 ||| FLEEEEING.
  1063 | D:2      | Killed Robin
  1064 | D:2      | Reached XP level 4. HP: 27/36 MP: 4/4
  1362 | D:2      | 1362 ||| DROPPING +6 ring of intelligence.
  1363 | D:2      | 1363 ||| READING scroll labelled GUMAAXUYKK.
  1364 | D:2      | 1364 ||| READING scroll labelled JOOVEMN LEMIUP.
  1365 | D:2      | 1365 ||| DRINKING 2 bubbling coppery potions.
  1366 | D:2      | 1366 ||| READING 2 scrolls of identify.
  1366 | D:2      | 1366 ||| IDENTIFYING metallic sapphire potion
  1522 | D:3      | Reached skill level 5 in Ranged Weapons
  1641 | D:3      | Found a runed translucent door.
  1642 | D:3      | Noticed Crazy Yiuf
  1886 | D:3      | Found an iron altar of Okawaru.
  1887 | D:3      | 1887 ||| PLANNING OKAWARU WORSHIP
  1949 | D:3      | 1949 ||| DRINKING 3 ruby potions.
  1976 | D:3      | Became a worshipper of Warmaster Okawaru
  1977 | D:3      | 1977 ||| PLANNING D:1-11
  2006 | D:3      | Found a hide-covered altar of Uskayaw.
  2279 | D:3      | 2279 ||| READING scroll labelled MOPROVV WAMORCH.
  2335 | D:4      | Found a snail-covered altar of Cheibriados.
  2339 | D:4      | Found a blossoming altar of Fedhas.
  2339 | D:4      | Found a basalt altar of Yredelemnul.
  2344 | D:4      | Reached skill level 3 in Fighting
  2344 | D:4      | Reached XP level 5. HP: 45/45 MP: 5/5
  2392 | D:4      | HP: 10/45 [something (2)]
  2392 | D:4      | HP: 1/45 [iguana (5)]
  2393 | D:4      | 2393 ||| READING 3 scrolls of teleportation.
  2397 | D:4      | 2397 ||| READING 2 scrolls of teleportation.
  2402 | D:4      | 2402 ||| READING scroll of teleportation.
  2403 | D:4      | HP: 4/45 [orc priest/+0 club (1)]
  2413 | D:4      | 2413 ||| FLEEEEING.
  2414 | D:4      | 2414 ||| FLEEEEING.
  2415 | D:4      | 2415 ||| FLEEEEING.
  2416 | D:4      | 2416 ||| FLEEEEING.
  2420 | D:4      | 2420 ||| FLEEEEING.
  2425 | D:4      | 2425 ||| FLEEEEING.
  2426 | D:4      | 2426 ||| FLEEEEING.
  2427 | D:4      | 2427 ||| STAIRDANCE
  2710 | D:4      | Found an ancient bone altar of Kikubaaqudgha.
  2746 | D:4      | HP: 9/45 [disintegration (10)]
  2752 | D:4      | HP: 6/45 [something (2)]
  2755 | D:4      | HP: 2/45 [poisoned by an adder]
  2755 | D:4      | Blown up by an orc wizard

Levels and vault maps discovered:
D:1:      minmay_arrival_jagged, layout_basic, serial_shops, shop,
          dilly_ecumenical_altar_fadedgnrine
D:2:      cheibrodos_old_hovel, layout_rooms, uniq_robin
D:3:      layout_loops_ring, mainiacjoe_overflow_catwalk,
          mainiacjoe_overflow_alcove_1, item_on_display_a,
          uniq_crazy_yiuf_cottage
D:4:      layout_basic, mainiacjoe_overflow_paths, kiku_gazebo_garden_becter,
          grunt_temple_overflow_open, hangedman_decor_clover_reticule

Skill      XL: |  1  2  3  4 |
---------------+-------------+-----
Ranged Weapons | 3 4 5 |  5.5
Fighting       | 2 3 |  3.3
Armour         | 1 |  1.0
Dodging        | |  2.1
Spellcasting   | |  1.0
Hexes          | |  2.0

Action                     |  1- 3 |  4- 6 || total
---------------------------+-------+-------++-------
   Fire: Sling             |   107 |   143 ||   250
    Use: Scroll            |     3 |     7 ||    10
         Potion            |       |     2 ||     2
 Armour: Robe              |     4 |       ||     4
         Ring mail         |    25 |    39 ||    64
  Dodge: Dodged            |    34 |    41 ||    75

Table legend:
 A = Non-vault XP
 B = Vault XP
 C = Vault XP percentage of total XP
 D = Non-vault monster count
 E = Vault monster count
 F = Vault count percentage of total count
                 A         B        C        D         E       F
            +---------+---------+-------+---------+---------+-------
      Total |     257 |      42 |  14.0 |      55 |      14 |  20.3
            +---------+---------+-------+---------+---------+-------
        D:1 |      30 |       0 |   0.0 |      19 |       0 |   0.0
        D:2 |      58 |      42 |  42.0 |      16 |      14 |  46.7
        D:3 |      54 |       0 |   0.0 |      11 |       0 |   0.0
        D:4 |     115 |       0 |   0.0 |       9 |       0 |   0.0
            +---------+---------+-------+---------+---------+-------
